[Event "ICCopen2017"]
[Site "Internet Chess Club"]
[Date "2017.03.19"]
[Round "4"]
[White "dalaz"]
[Black "FiveCardDraw"]
[Result "1-0"]
[ICCResult "Black checkmated"]
[WhiteElo "1564"]
[BlackElo "1506"]
[Opening "French defense"]
[ECO "C00"]
[NIC "FR.01"]
[Time "19:49:15"]
[TimeControl "180+0"]

1. e4 e6 2. Nc3 d5 3. e5 c5 4. f4 Nc6 5. Nf3 Nh6 6. Bb5 Bd7 7. d3 Nf5 8.
Bxc6 Bxc6 9. Bd2 d4 10. Ne4 Be7 11. Qe2 Nh4 12. O-O-O Nf5 13. g4 Nh4 14.
Rhf1 Nxf3 15. Qxf3 Qb6 16. f5 Qa6 17. Kb1 O-O 18. f6 Bd5 19. b3 Bd8 20. fxg7
Kxg7 21. Qh3 Kh8 22. Nf6 Bxf6 23. Rxf6 c4 24. Rh6 c3 25. Rxh7+ Kg8 26. Rh8+
Kg7 27. Qh6# {Black checkmated} 1-0

[Event "ICCopen2017"]
[Site "Internet Chess Club"]
[Date "2017.03.19"]
[Round "4"]
[White "dashingfox"]
[Black "kathmales"]
[Result "0-1"]
[ICCResult "White checkmated"]
[WhiteElo "1835"]
[BlackElo "2241"]
[Opening "Sicilian defense"]
[ECO "B40"]
[NIC "SI.43"]
[Time "19:48:11"]
[TimeControl "180+0"]

1. e4 c5 2. Nf3 e6 3. Nc3 a6 4. d3 b5 5. a3 Bb7 6. g3 g6 7. Bg2 Bg7 8. O-O
Ne7 9. Bg5 O-O 10. Qd2 d6 11. h4 Nbc6 12. Bh6 Nd4 13. Bxg7 Kxg7 14. Ne2
Nxf3+ 15. Bxf3 Rc8 16. c4 d5 17. cxb5 axb5 18. exd5 Bxd5 19. Bxd5 Qxd5 20.
Qc3+ Kg8 21. Nf4 Qf5 22. Rad1 Rfd8 23. Rfe1 Nd5 24. Nxd5 Qxd5 25. Re5 Qf3
26. Rd2 Rd5 27. Re3 Qg4 28. Re4 Qf3 29. Re3 Qf5 30. b3 Rcd8 31. a4 bxa4 32.
bxa4 Rd4 33. a5 Ra4 34. f3 Ra8 35. Re5 Qh3 36. Rg2 R4xa5 37. Rxc5 Ra1+ 38.
Kf2 R1a2+ 39. Ke3 Qxg2 40. Rc8+ Rxc8 41. Qxc8+ Kg7 42. Qc3+ Kh6 43. Qc8 Qf2+
44. Ke4 Re2+ 45. Kf4 Qd4# {White checkmated} 0-1

[Event "ICCopen2017"]
[Site "Internet Chess Club"]
[Date "2017.03.19"]
[Round "4"]
[White "chigato"]
[Black "cap78red"]
[Result "1-0"]
[ICCResult "Black checkmated"]
[WhiteElo "1678"]
[BlackElo "1393"]
[Opening "Gedult's opening"]
[ECO "A00"]
[Time "19:49:17"]
[TimeControl "180+0"]

1. f3 d6 2. e4 e5 3. Bd3 h5 4. Qe2 Nf6 5. c3 Nc6 6. Bc2 Bd7 7. d3 Qe7 8. f4
exf4 9. Bxf4 Bg4 10. Nf3 Ne5 11. Nbd2 g6 12. d4 Nxf3+ 13. gxf3 Be6 14. a3
Bh6 15. Bg3 h4 16. Bf2 Bxd2+ 17. Kxd2 O-O-O 18. Rad1 c5 19. Kc1 cxd4 20.
cxd4 Kb8 21. Qe3 Rc8 22. d5 Bd7 23. Qxa7+ Kc7 24. Bb6# {Black checkmated}
1-0

[Event "ICCopen2017"]
[Site "Internet Chess Club"]
[Date "2017.03.19"]
[Round "4"]
[White "AbasovN"]
[Black "INDIAN-ELEPHANT"]
[Result "1-0"]
[ICCResult "Black resigns"]
[WhiteElo "3138"]
[BlackElo "2686"]
[Opening "Ruy Lopez: open Berlin defense, Showalter variation"]
[ECO "C67"]
[NIC "RL.07"]
[Time "19:49:36"]
[TimeControl "180+0"]

1. e4 e5 2. Nf3 Nc6 3. Bb5 Nf6 4. O-O Nxe4 5. d4 Nd6 6. Ba4 exd4 7. c3 Be7
8. cxd4 b5 9. Bc2 O-O 10. Nc3 Re8 11. Bf4 Ba6 12. Re1 Bf8 13. Rxe8 Nxe8 14.
Bxh7+ Kxh7 15. Ng5+ Kg6 16. Qd3+ f5 17. Qg3 Qe7 18. Nd5 Qe2 19. Nf3+ Kh7 20.
Re1 Qxb2 21. Qh4+ Kg6 22. g4 Nf6 23. gxf5+ Kf7 24. Ng5+ Kg8 25. Nxf6+
{Black resigns}
1-0

[Event "ICCopen2017"]
[Site "Internet Chess Club"]
[Date "2017.03.19"]
[Round "4"]
[White "FytinFrank"]
[Black "Parsifal"]
[Result "0-1"]
[ICCResult "White checkmated"]
[WhiteElo "1854"]
[BlackElo "2382"]
[Opening "Sicilian: Grand Prix attack"]
[ECO "B23"]
[NIC "SI.44"]
[Time "19:48:44"]
[TimeControl "180+0"]

1. e4 c5 2. Nc3 Nc6 3. f4 e6 4. Nf3 a6 5. d4 cxd4 6. Nxd4 Nxd4 7. Qxd4 b5 8.
e5 Bb7 9. Ne4 Nh6 10. Nd6+ Bxd6 11. Qxd6 Qh4+ 12. g3 Qd8 13. Rg1 Nf5 14. Qd3
Qb6 15. Rg2 Bxg2 16. Bxg2 Qg1+ 17. Bf1 Qxh2 18. g4 Qh4+ 19. Kd1 Qxg4+ 20.
Be2 Qg1+ 21. Kd2 O-O 22. b3 Qf2 23. Qe4 d5 24. exd6 Nxd6 25. Qe5 Rfd8 26.
Kc3 Rac8+ 27. Kb4 Rxc2 28. Bd3 a5+ 29. Kxa5 Rxc1 30. Rxc1 Qxa2+ 31. Kb4 Qd2+
32. Qc3 Qxf4+ 33. Ka5 Ra8+ 34. Kb6 g6 35. Rf1 Nc4+ 36. bxc4 Qd6+ 37. Kxb5
Rb8+ 38. Ka5 Qb6+ 39. Ka4 Ra8+ 40. Qa5 Rxa5# {White checkmated} 0-1

[Event "ICCopen2017"]
[Site "Internet Chess Club"]
[Date "2017.03.19"]
[Round "4"]
[White "Persi"]
[Black "Dewey"]
[Result "0-1"]
[ICCResult "White forfeits on time"]
[WhiteElo "1304"]
[BlackElo "1404"]
[Opening "Scotch gambit: Benima defense"]
[ECO "C50"]
[NIC "IG.03"]
[Time "19:49:03"]
[TimeControl "180+0"]

1. e4 e5 2. Nf3 Nc6 3. Bc4 Be7 4. d4 exd4 5. Nxd4 d6 6. O-O Nf6 7. Nc3 Bd7
8. Bb5 O-O 9. Nxc6 bxc6 10. Ba6 Rb8 11. Be3 c5 12. Rb1 Rb6 13. Bc4 c6 14. f4
Bg4 15. Be2 Bxe2 16. Qxe2 Qb8 17. Na4 Rb4 18. b3 Nxe4 19. c3 Rb7 20. Qf3 d5
21. Qg4 c4 22. Bd4 Bf6 23. Bxf6 Nxf6 24. Nc5 Re7 25. Qf3 Qd6 26. Na6 Rfe8
27. Nb4 Re3 {White forfeits on time} 0-1

[Event "ICCopen2017"]
[Site "Internet Chess Club"]
[Date "2017.03.19"]
[Round "4"]
[White "Mandragora"]
[Black "niftyleopard"]
[Result "0-1"]
[ICCResult "White resigns"]
[WhiteElo "1560"]
[BlackElo "1197"]
[Opening "Giuoco Piano"]
[ECO "C50"]
[NIC "IG.02"]
[Time "19:48:36"]
[TimeControl "180+0"]

1. e4 e5 2. Nf3 Nc6 3. Bc4 Bc5 4. O-O Nf6 5. d3 h6 6. c3 O-O 7. b4 Bb6 8. a4
a6 9. a5 Ba7 10. Na3 Re8 11. Bb2 d6 12. h3 Be6 13. Bxe6 fxe6 14. Qb3 d5 15.
exd5 exd5 16. Rfe1 Qd6 17. Rad1 Rad8 18. Nc2 Kh8 19. Nh4 Kh7 20. Nf5 Qd7 21.
g4 d4 22. c4 b6 23. axb6 Bxb6 24. b5 axb5 25. cxb5 Na5 26. Qa2 Qxb5 27. Na3
Qb3 28. Qb1 Bc5 29. Nc4 Nxc4 30. dxc4 Kg8 31. Rc1 d3 32. Rc3 Qb4 33. Rd1 e4
34. Qc1 Bd4 35. Nxh6+ gxh6 36. Qxh6 Bxc3 37. Qg6+ Kf8 38. Bxc3 Qxc3 39. g5
Ke7 40. Qxe4+ Nxe4 {White resigns} 0-1

[Event "ICCopen2017"]
[Site "Internet Chess Club"]
[Date "2017.03.19"]
[Round "4"]
[White "pilot"]
[Black "WAHEHE"]
[Result "0-1"]
[ICCResult "White forfeits on time"]
[WhiteElo "919"]
[BlackElo "1693"]
[Opening "French defense"]
[ECO "A04"]
[NIC "QP.11"]
[Time "19:48:42"]
[TimeControl "180+0"]

1. Nf3 e6 2. e4 d5 3. e5 c5 4. Bb5+ Bd7 5. Bxd7+ Qxd7 6. O-O Nc6 7. Nc3 Nge7
8. a3 Ng6 9. d4 cxd4 10. Nxd4 Ngxe5 11. Nxc6 Nxc6 12. Re1 Be7 13. Bf4 O-O
14. Bg3 b6 15. Ne4 Rfd8 16. Nc3 Rac8 17. a4 Bf6 18. Rb1 Na5 19. Nb5 a6 20.
Nd6 Rc6 21. b4 Nc4 22. Nxc4 Rxc4 23. c3 Rdc8 24. f4 g6 25. Qf3 Rxc3 26. Qxc3
Rxc3 {White forfeits on time} 0-1

[Event "ICCopen2017"]
[Site "Internet Chess Club"]
[Date "2017.03.19"]
[Round "4"]
[White "RobbieWilliams"]
[Black "Fioro"]
[Result "1-0"]
[ICCResult "Black checkmated"]
[WhiteElo "1825"]
[BlackElo "2244"]
[Opening "Dutch, 2.Bg5 variation"]
[ECO "A80"]
[NIC "HD.12"]
[Time "19:49:43"]
[TimeControl "180+0"]

1. d4 f5 2. Bg5 d5 3. c3 c6 4. Nd2 Nf6 5. e3 Be6 6. Bd3 g6 7. f4 Bg7 8. Ngf3
Nbd7 9. Qe2 Qb6 10. O-O-O O-O 11. h3 Rfe8 12. Rdg1 Ne4 13. Bxe4 dxe4 14. Ne5
Nxe5 15. fxe5 Bxa2 16. g4 Be6 17. h4 Qa6 18. c4 b5 19. gxf5 Bxf5 20. h5 bxc4
21. hxg6 hxg6 22. Qh2 Kf7 23. Qf4 c3 24. bxc3 Qd3 25. Rf1 Ke6 26. Bh6 Bxh6
27. Rxh6 Rab8 28. Rxg6+ Bxg6 29. Qg4+ Kd5 30. Qd7# {Black checkmated} 1-0

[Event "ICCopen2017"]
[Site "Internet Chess Club"]
[Date "2017.03.19"]
[Round "4"]
[White "egyptiantiger"]
[Black "biljanic"]
[Result "1-0"]
[ICCResult "Black forfeits on time"]
[WhiteElo "1818"]
[BlackElo "1998"]
[Opening "Queen's Indian: Capablanca variation"]
[ECO "E16"]
[NIC "QI.06"]
[Time "19:48:15"]
[TimeControl "180+0"]

1. d4 Nf6 2. c4 e6 3. Nf3 b6 4. g3 Bb7 5. Bg2 Bb4+ 6. Bd2 Bxd2+ 7. Nbxd2 O-O
8. Qc2 c5 9. dxc5 bxc5 10. O-O Qc7 11. Rfe1 Nc6 12. e3 Rab8 13. a3 a5 14.
Rac1 d6 15. Red1 Rfd8 16. h3 Ra8 17. g4 a4 18. Nf1 Rdb8 19. Ng3 Ne7 20. Qd2
Ne8 21. Qd3 Bxf3 22. Bxf3 Ra6 23. Ne4 Rab6 24. Rc2 Nf6 25. Nxf6+ gxf6 26.
Qc3 Kg7 27. g5 e5 28. gxf6+ Kxf6 29. Bg2 Kg7 30. f4 f6 31. fxe5 fxe5 32. Rf2
Ng6 33. Qd3 Rf8 34. Rdf1 Rxf2 35. Rxf2 Qe7 36. Bd5 Rb3 37. Qf1 Qg5+ 38. Rg2
{Black forfeits on time}
1-0

[Event "ICCopen2017"]
[Site "Internet Chess Club"]
[Date "2017.03.19"]
[Round "4"]
[White "refid"]
[Black "ChessMind"]
[Result "1-0"]
[ICCResult "Black resigns"]
[WhiteElo "1792"]
[BlackElo "1487"]
[Opening "Sicilian: Najdorf, 6.f4"]
[ECO "B93"]
[NIC "SI.12"]
[Time "19:48:04"]
[TimeControl "180+0"]

1. e4 c5 2. Nf3 d6 3. d4 cxd4 4. Nxd4 Nf6 5. Nc3 a6 6. f4 e5 7. Nf3 Nc6 8.
a4 Be7 9. Bd3 O-O 10. O-O exf4 11. Bxf4 Ne5 12. Nd4 Qb6 13. Ne2 Bg4 14. Kh1
Rac8 15. h3 Be6 16. Bg5 Qd8 17. Nf4 Bd7 18. Qe1 h6 19. Bxf6 Bxf6 20. Nd5 Bh4
21. Qe2 Bg5 22. Nf5 Bxf5 23. Rxf5 Nxd3 24. cxd3 Qd7 25. Rf3 Rc6 26. Raf1
Rfc8 27. Qf2 Rc1 28. Qg3 Rxf1+ 29. Rxf1 Qxa4 30. Qg4 Qe8 31. h4 Rc1 32. Rxc1
Bxc1 33. Nf6+ {Black resigns} 1-0

[Event "ICCopen2017"]
[Site "Internet Chess Club"]
[Date "2017.03.19"]
[Round "4"]
[White "penguingm1"]
[Black "Palse"]
[Result "1-0"]
[ICCResult "Black checkmated"]
[WhiteElo "2839"]
[BlackElo "2187"]
[Opening "Nimzo-Indian: classical variation"]
[ECO "E32"]
[NIC "NI.24"]
[Time "19:48:03"]
[TimeControl "180+0"]

1. d4 Nf6 2. c4 e6 3. Nc3 Bb4 4. Qc2 O-O 5. Nf3 c5 6. dxc5 Na6 7. g3 Nxc5 8.
Bg2 b6 9. O-O Bb7 10. Nb5 Nce4 11. Rd1 a6 12. Nc3 Bxc3 13. bxc3 Qc7 14. Bf4
d6 15. Rab1 Rab8 16. Qd3 e5 17. Be3 Ba8 18. Nh4 g6 19. g4 h6 20. Bxh6 Nxf2
21. Qxd6 Qxd6 22. Rxd6 N6xg4 23. Bxf8 Rxf8 24. Rdxb6 Bxg2 25. Kxg2 Kg7 26.
Rb8 Rxb8 27. Rxb8 Nd1 28. c5 Nxc3 29. c6 Nd5 30. e4 Nc7 31. Rb7 Ne6 32. c7
Nxc7 33. Rxc7 Nf6 34. Nf3 Nxe4 35. Nxe5 Nd6 36. Rd7 Nf5 37. Rxf7+ Kh6 38.
Rxf5 gxf5 39. Nd3 Kg5 40. Nc5 Kf6 41. Nxa6 Ke5 42. Nb4 Kd4 43. a3 Kc4 44.
Kf3 Kb3 45. Nc6 Kxa3 46. Nd4 Kb4 47. Nxf5 Kc5 48. h4 Kd5 49. Kg4 Ke6 50. Kg5
Kf7 51. h5 Kg8 52. Kg6 Kf8 53. h6 Kg8 54. Nd6 Kf8 55. h7 Ke7 56. h8=Q Ke6
57. Qd4 Kd7 58. Ne4+ Kc6 59. Qc5+ Kb7 60. Nd6+ Kb8 61. Qb6+ Ka8 62. Qb7#
{Black checkmated}
1-0

[Event "ICCopen2017"]
[Site "Internet Chess Club"]
[Date "2017.03.19"]
[Round "4"]
[White "kaimann"]
[Black "BotanicalKnight"]
[Result "1-0"]
[ICCResult "Black checkmated"]
[WhiteElo "1934"]
[BlackElo "1512"]
[Opening "Benko's opening"]
[ECO "A00"]
[NIC "VO.09"]
[Time "19:49:40"]
[TimeControl "180+0"]

1. g3 f5 2. Bg2 e6 3. b3 d5 4. Bb2 Nf6 5. d3 Be7 6. Nd2 O-O 7. e4 c6 8. e5
Nfd7 9. f4 b6 10. Ngf3 Bb7 11. O-O c5 12. c3 Nc6 13. d4 Rb8 14. Qe2 a6 15.
Qf2 b5 16. a3 h6 17. b4 c4 18. h3 a5 19. Kh2 Qb6 20. g4 fxg4 21. hxg4 Rxf4
22. Qg3 Rbf8 23. g5 hxg5 24. Nxg5 Bxg5 25. Qxg5 Rxf1 26. Rxf1 Rxf1 27. Bxf1
axb4 28. axb4 Qd8 29. Qg4 Qe7 30. Bh3 Nd8 31. Nf3 Nf8 32. Bc1 Bc8 33. Bg5
Qe8 34. Bxd8 Qxd8 35. Ng5 Qe7 36. Kg3 Bd7 37. Qh5 Be8 38. Bxe6+ Nxe6 39.
Qh7+ Kf8 40. Qh8# {Black checkmated} 1-0

[Event "ICCopen2017"]
[Site "Internet Chess Club"]
[Date "2017.03.19"]
[Round "4"]
[White "gigger"]
[Black "Troy"]
[Result "0-1"]
[ICCResult "White resigns"]
[WhiteElo "1765"]
[BlackElo "1406"]
[Opening "Sicilian defense"]
[ECO "B20"]
[NIC "SI.48"]
[Time "19:49:42"]
[TimeControl "180+0"]

1. e4 c5 2. d3 e5 3. g3 Nc6 4. Bg2 d6 5. Ne2 Be6 6. O-O Be7 7. h3 Qd7 8. Kh2
Nf6 9. f4 exf4 10. Nxf4 g5 11. Nxe6 fxe6 12. Nd2 b5 13. Nf3 h6 14. Be3 O-O-O
15. a4 b4 16. c3 a5 17. g4 Rdg8 18. Rb1 h5 19. Nxg5 hxg4 20. Rxf6 Bxf6 21.
Qxg4 Bxg5 22. Bxg5 Ne5 23. Qg3 Rh5 24. h4 Rgxg5 25. Qxg5 Rxg5 26. hxg5 Qh7+
27. Kg3 Qh5 28. Rh1 Qxg5+ 29. Kf2 Nxd3+ 30. Ke2 Nf4+ {White resigns} 0-1

[Event "ICCopen2017"]
[Site "Internet Chess Club"]
[Date "2017.03.19"]
[Round "4"]
[White "lazywillis"]
[Black "mrneale"]
[Result "1-0"]
[ICCResult "Black forfeits on time"]
[WhiteElo "1127"]
[BlackElo "1070"]
[Opening "Nimzo-Indian: 4.e3"]
[ECO "E40"]
[NIC "NI.17"]
[Time "19:48:36"]
[TimeControl "180+0"]

1. d4 Nf6 2. c4 e6 3. Nc3 Bb4 4. e3 Ne4 5. Ne2 d5 6. cxd5 Qxd5 7. a3 Qa5 8.
Bd2 Bxc3 9. Nxc3 Nxd2 10. Qxd2 O-O 11. Bc4 Nc6 12. O-O Bd7 13. b4 Qg5 14.
Rad1 Rad8 15. d5 exd5 16. Qxd5 Qxd5 17. Rxd5 Be6 18. Rxd8 Rxd8 19. Bxe6 fxe6
20. Rd1 Rxd1+ 21. Nxd1 Ne5 22. Nb2 b5 23. Kf1 Kf7 24. Ke2 Ke7 25. Nd3 Nxd3
26. Kxd3 Kd6 27. Ke4 g6 28. Kf4 h6 29. e4 e5+ 30. Ke3 Ke6 31. f4 exf4+ 32.
Kxf4 a6 33. h4 Kf6 34. g4 g5+ 35. hxg5+ hxg5+ 36. Ke3 Ke6 37. Kd4 Kd6 38.
e5+ Ke6 39. Ke4 c6 40. Kd4 Kd7 41. Kc5 Ke6 42. Kxc6 Kxe5 43. Kb6 Kf4 44.
Kxa6 Kxg4 45. Kxb5 Kf3 46. a4 g4 47. a5 g3 48. a6 g2 49. a7 g1=Q 50. a8=Q+
Ke2 51. Qe8+ Kd2 52. Qd7+ {Black forfeits on time} 1-0

[Event "ICCopen2017"]
[Site "Internet Chess Club"]
[Date "2017.03.19"]
[Round "4"]
[White "captain9"]
[Black "Theunrock"]
[Result "0-1"]
[ICCResult "White forfeits on time"]
[WhiteElo "712"]
[BlackElo "1700"]
[Opening "Four knights: Spanish, classical defense"]
[ECO "C48"]
[NIC "KP.03"]
[Time "19:48:20"]
[TimeControl "180+0"]

1. e4 e5 2. Nf3 Nc6 3. Nc3 Nf6 4. Bb5 Bc5 5. O-O Nd4 6. Nxd4 Bxd4 7. d3 c6
8. Ba4 d6 9. Re1 Ng4 10. h3 Nxf2 11. Qd2 Nxe4+ 12. Kh2 Nxd2 13. Bxd2 Bf2 14.
Rf1 Qh4 15. Ne4 Bc5 16. Rf3 Qe7 17. Raf1 O-O 18. b4 Bb6 19. Bc3 Be6 20. Rg3
f5 21. Ng5 Bd5 22. d4 Bxd4 23. Bxd4 exd4 24. Re1 Qxe1 25. h4 h6 26. Bb3 hxg5
27. Bxd5+ cxd5 {White forfeits on time} 0-1

[Event "ICCopen2017"]
[Site "Internet Chess Club"]
[Date "2017.03.19"]
[Round "4"]
[White "DaveyJones"]
[Black "FGM21"]
[Result "0-1"]
[ICCResult "White forfeits on time"]
[WhiteElo "1509"]
[BlackElo "1872"]
[Opening "English: three knights system"]
[ECO "A27"]
[NIC "EO.21"]
[Time "19:48:05"]
[TimeControl "180+0"]

1. c4 e5 2. Nc3 Nc6 3. Nf3 g6 4. d4 Bg7 5. d5 Nce7 6. e4 d6 7. h3 f5 8. Bd3
Nf6 9. O-O O-O 10. b4 a5 11. Qb3 axb4 12. Qxb4 b6 13. a4 Ra5 14. Bd2 f4 15.
Nb5 Nd7 16. Qb1 Ra8 17. a5 Ba6 18. axb6 Nxb6 19. Bb4 Bxb5 20. cxb5 Rxa1 21.
Qxa1 Nexd5 22. exd5 e4 23. Qa7 exf3 24. Rc1 Qg5 25. Bf1 fxg2 26. Bd3 Rf7 27.
Qb8+ Bf8 28. Rxc7 Rxc7 29. Qxc7 Qxd5 30. Qxb6 Qxd3 {White forfeits on time}
0-1

[Event "ICCopen2017"]
[Site "Internet Chess Club"]
[Date "2017.03.19"]
[Round "4"]
[White "KRASAVCHIK"]
[Black "elshan-defence"]
[Result "1-0"]
[ICCResult "Black resigns"]
[WhiteElo "3316"]
[BlackElo "2703"]
[Opening "Ruy Lopez: closed, Keres (...Nd7) defense"]
[ECO "C96"]
[NIC "RL.23"]
[Time "19:48:15"]
[TimeControl "180+0"]

1. e4 e5 2. Nf3 Nc6 3. Bb5 a6 4. Ba4 Nf6 5. O-O Be7 6. Re1 b5 7. Bb3 O-O 8.
h3 d6 9. c3 Na5 10. Bc2 c5 11. d4 Nd7 12. dxc5 dxc5 13. Nbd2 c4 14. Nf1 Nb7
15. Ne3 Bc5 16. Nf5 Qb6 17. Qe2 Re8 18. b4 cxb3 19. Bxb3 Nf8 20. Ng5 Nd8 21.
Qf3 Bxf5 22. exf5 Rc8 23. Ne4 a5 24. f6 g6 25. Bh6 Nfe6 26. Rad1 a4 27. Bd5
Bf8 28. Bxf8 Nxf8 29. Qg3 Nde6 30. Qh4 Red8 31. Bxe6 Nxe6 32. Qh6 Rxd1 33.
Rxd1 Rd8 34. Re1 {Black resigns} 1-0

[Event "ICCopen2017"]
[Site "Internet Chess Club"]
[Date "2017.03.19"]
[Round "4"]
[White "BlackHorse96"]
[Black "jefferyx"]
[Result "1-0"]
[ICCResult "Black resigns"]
[WhiteElo "3107"]
[BlackElo "2666"]
[Opening "Sicilian"]
[ECO "B50"]
[NIC "SI.01"]
[Time "19:48:10"]
[TimeControl "180+0"]

1. e4 c5 2. Nf3 d6 3. c3 Nf6 4. h3 Nc6 5. Bd3 d5 6. e5 Nd7 7. Bb5 Qb6 8. Qe2
a6 9. Ba4 e6 10. O-O Qc7 11. d4 b5 12. Bc2 Bb7 13. Be3 Be7 14. a3 g5 15. b4
cxd4 16. cxd4 h5 17. Bd3 g4 18. hxg4 hxg4 19. Nh2 Ncxe5 20. Bf4 Nf3+ 21.
Qxf3 gxf3 22. Bxc7 Rc8 23. Bf4 fxg2 24. Re1 Bf6 25. Be3 Ke7 26. Nd2 Nb6 27.
Ndf3 Nc4 28. Bxc4 dxc4 29. Bf4 Rh3 30. Kxg2 Rh5 31. Kf1 Rf5 32. Be5 Bxf3 33.
Nxf3 Rxf3 34. a4 Bh4 35. Re2 f6 36. Bh2 c3 37. axb5 axb5 38. Ra7+ Ke8 39.
Rxe6+ Kf8 40. Bd6+ Kg8 41. Ree7 {Black resigns} 1-0

[Event "ICCopen2017"]
[Site "Internet Chess Club"]
[Date "2017.03.19"]
[Round "4"]
[White "GolfPro"]
[Black "x22"]
[Result "0-1"]
[ICCResult "White resigns"]
[WhiteElo "1853"]
[BlackElo "2369"]
[Opening "English opening"]
[ECO "A10"]
[NIC "EO.64"]
[Time "19:49:19"]
[TimeControl "180+0"]

1. c4 d5 2. cxd5 c6 3. Nf3 cxd5 4. g3 Nc6 5. Bg2 Bg4 6. O-O Qd7 7. d3 Bh3 8.
Bf4 Bxg2 9. Kxg2 f6 10. Nbd2 e5 11. Bxe5 fxe5 12. Rc1 Nf6 13. Qb3 Be7 14. a3
O-O 15. e4 Kh8 16. Rfd1 Rac8 17. exd5 Qxd5 18. Qxb7 Bc5 19. Ne4 Bb6 20. b4
Nxe4 21. dxe4 Qxe4 22. Rc3 Rc7 23. Qa6 Nd4 24. Qd3 Qb7 25. Rdc1 Rxc3 26.
Rxc3 Rxf3 27. Qe4 Rxf2+ 28. Kxf2 Ne6+ 29. Kf1 Qxe4 {White resigns} 0-1

[Event "ICCopen2017"]
[Site "Internet Chess Club"]
[Date "2017.03.19"]
[Round "4"]
[White "Eigeneier"]
[Black "AnthonyRaelund"]
[Result "1-0"]
[ICCResult "Black resigns"]
[WhiteElo "1749"]
[BlackElo "1439"]
[Opening "Old Benoni defense"]
[ECO "A46"]
[NIC "QP.06"]
[Time "19:49:21"]
[TimeControl "180+0"]

1. d4 Nf6 2. Nf3 c5 3. d5 e6 4. Nc3 a6 5. a4 d6 6. e4 exd5 7. exd5 g6 8. Bd3
Bg7 9. O-O O-O 10. h3 Nbd7 11. Bf4 Ne5 12. Nxe5 dxe5 13. Bxe5 Nxd5 14. Bxg7
Nxc3 15. Bxc3 Be6 16. Qf3 b5 17. axb5 axb5 18. Rxa8 Qxa8 19. Qxa8 Rxa8 20.
Bxb5 Rb8 21. Bd3 c4 22. Be4 f5 23. Bf3 Rd8 24. Re1 Kf7 25. Kh2 Bd5 26. Rd1
Ke6 27. Rxd5 Rxd5 28. Bxd5+ Kxd5 29. Kg3 Ke4 30. b4 h5 31. b5 g5 32. b6 h4+
33. Kh2 {Black resigns} 1-0

[Event "ICCopen2017"]
[Site "Internet Chess Club"]
[Date "2017.03.19"]
[Round "4"]
[White "Fighterman"]
[Black "BryanL"]
[Result "1-0"]
[ICCResult "Black resigns"]
[WhiteElo "2485"]
[BlackElo "1994"]
[Opening "Pirc defense"]
[ECO "B07"]
[NIC "PU.07"]
[Time "19:48:38"]
[TimeControl "180+0"]

1. d4 Nf6 2. Nc3 g6 3. e4 d6 4. Be3 Bg7 5. Qd2 c6 6. h4 h5 7. f3 b5 8. Nh3
Qa5 9. Ng5 b4 10. Ne2 Nbd7 11. a3 Rb8 12. Nc1 c5 13. Nb3 Qc7 14. axb4 Rxb4
15. Be2 Rb8 16. Qa5 Qxa5+ 17. Rxa5 cxd4 18. Bxd4 O-O 19. Rxa7 e5 20. Bf2 d5
21. O-O dxe4 22. fxe4 Ng4 23. Bc4 Nxf2 24. Rxf2 Rb7 25. Rxb7 Bxb7 26. Rxf7
Rxf7 27. Bxf7+ Kf8 28. Bxg6 Ke7 29. Bxh5 Bh6 30. Bf3 Nf6 31. Nc5 Bc6 32. Kf2
Kd6 33. b4 Nd7 34. Nf7+ {Black resigns} 1-0

[Event "ICCopen2017"]
[Site "Internet Chess Club"]
[Date "2017.03.19"]
[Round "4"]
[White "MassCarnage"]
[Black "ladrife"]
[Result "1-0"]
[ICCResult "Black forfeits on time"]
[WhiteElo "1873"]
[BlackElo "1490"]
[Opening "Sicilian: closed"]
[ECO "B23"]
[NIC "SI.44"]
[Time "19:49:29"]
[TimeControl "180+0"]

1. e4 c5 2. Nc3 d6 3. f4 Nc6 4. Bc4 e6 5. Nf3 Be7 6. d3 Nf6 7. O-O O-O 8.
Qe1 Na5 9. Qg3 Nxc4 10. dxc4 Nh5 11. Qh3 g6 12. g4 Ng7 13. Kh1 h5 14. gxh5
Nxh5 15. Rg1 Kh7 16. Ng5+ Bxg5 17. Rxg5 e5 18. f5 Rh8 19. Be3 Kg7 20. Qg2
Nf4 21. Bxf4 exf4 22. Rg1 Rh6 23. Nd5 f3 24. Qxf3 {Black forfeits on time}
1-0

[Event "ICCopen2017"]
[Site "Internet Chess Club"]
[Date "2017.03.19"]
[Round "4"]
[White "JUGGERNOT"]
[Black "CeffylGlas"]
[Result "1-0"]
[ICCResult "Black forfeits on time"]
[WhiteElo "1731"]
[BlackElo "1264"]
[Opening "Bird's opening"]
[ECO "A02"]
[NIC "VO.07"]
[Time "19:48:43"]
[TimeControl "180+0"]

1. f4 c5 2. Nf3 Nc6 3. e4 d6 4. Be2 a6 5. O-O g6 6. c4 Bg7 7. Nc3 e6 8. a3
b6 9. d3 Rb8 10. Be3 Nf6 11. Rb1 Ng4 12. Bd2 h5 13. h3 Nh6 14. Ng5 f5 15.
exf5 Nxf5 16. Qe1 Ncd4 17. Bd1 Qf6 18. Nce4 Qe7 19. Bc3 Bb7 20. Nf3 Nxf3+
21. Bxf3 Nd4 22. Bd1 O-O 23. Ng5 e5 24. h4 Rbe8 25. fxe5 Rxf1+ 26. Qxf1 Rf8
27. Qe1 Qxe5 28. Nf3 Qxe1+ 29. Nxe1 Bc6 30. Bxd4 Bxd4+ 31. Kh2 Rf1 32. Be2
Be5+ 33. g3 Rf2+ 34. Kg1 Rxe2 35. Nf3 Bxf3 36. Rf1 Rg2+ 37. Kh1 Rf2+ 38. Kg1
Rxf1+ 39. Kxf1 Bd1 40. Kf2 Kf7 41. b4 cxb4 42. axb4 Ba4 43. Ke3 b5 44. Kf3
bxc4 45. dxc4 Bb3 46. c5 dxc5 47. bxc5 Bc7 48. g4 a5 49. gxh5 gxh5 50. Ke4
{Black forfeits on time}
1-0

[Event "ICCopen2017"]
[Site "Internet Chess Club"]
[Date "2017.03.19"]
[Round "4"]
[White "uggi"]
[Black "simplerxiao"]
[Result "0-1"]
[ICCResult "White forfeits on time"]
[WhiteElo "1901"]
[BlackElo "1826"]
[Opening "Budapest: Adler variation"]
[ECO "A52"]
[NIC "QG.01"]
[Time "19:48:56"]
[TimeControl "180+0"]

1. d4 Nf6 2. c4 e5 3. dxe5 Ng4 4. Nf3 Nc6 5. Nc3 Bc5 6. e3 Ngxe5 7. Nxe5
Nxe5 8. Be2 O-O 9. O-O a5 10. Ne4 Be7 11. b3 f5 12. Ng3 d6 13. Bb2 Kh8 14.
f4 Ng6 15. Nh5 Rf7 16. Qd4 Bf8 17. Bf3 c6 18. Rad1 Nh4 19. e4 Nxf3+ 20. Rxf3
fxe4 21. Qxe4 Bg4 22. f5 Bxf3 23. Qxf3 Qg5 24. f6 g6 25. Ng3 Re8 26. Ne4 Qh4
27. Ng3 Qg5 28. Rf1 Qe3+ 29. Qxe3 Rxe3 30. Bd4 Re6 31. h4 Bh6
{White forfeits on time}
0-1

[Event "ICCopen2017"]
[Site "Internet Chess Club"]
[Date "2017.03.19"]
[Round "4"]
[White "saya"]
[Black "Trentosk"]
[Result "0-1"]
[ICCResult "White resigns"]
[WhiteElo "2795"]
[BlackElo "2553"]
[Opening "Ruy Lopez: Möller defense"]
[ECO "C78"]
[NIC "RL.12"]
[Time "19:48:56"]
[TimeControl "180+0"]

1. e4 e5 2. Nf3 Nc6 3. Bb5 a6 4. Ba4 Nf6 5. O-O Bc5 6. c3 b5 7. Bc2 d5 8.
exd5 Qxd5 9. d4 exd4 10. Re1+ Kf8 11. Bb3 Qd6 12. cxd4 Nxd4 13. Nxd4 Bxd4
14. Qf3 Rb8 15. Bf4 Qb6 16. Nc3 Bb7 17. Qe2 Re8 18. Qf1 h6 19. Rxe8+ Nxe8
20. Rd1 c5 21. Qe2 g5 22. Be5 Nf6 23. Kh1 Kg7 24. Bxd4 cxd4 25. Nb1 Re8 26.
Qd2 Ne4 27. Qc2 d3 {White resigns} 0-1